Map: Mist Opportunities

Players

MyHyC

  • Race: Terran Terran
  • Spawn Location: 5:00

NamroodTuo

  • Race: Zerg Zerg

VOD

Have the link to the VOD?

Description

Time

  • Played on: Jan. 20, 2023, 6:28 p.m.
  • Length: 19:59
Show
View Real Time Build Order
Export as new Build Order

MyHyC Terran 

Build Orders:  

Get SALT Encoding   

  12  0:04  SCV  
  13  0:30  Barracks  
  13  0:48  SCV, Refinery  
  14  1:05  SCV  
  15  1:19  Supply Depot  
  15  1:48  Marine  
  15  1:49  SCV  
  17  1:51  Supply Depot  
  17  2:01  Marine  
  17  2:06  SCV  
  19  2:13  Marine  
  20  2:23  SCV  
  21  2:30  Barracks Reactor  
  21  2:41  SCV, Supply Depot  
  22  2:58  SCV  
  23  3:20  Bunker  
  23  3:21  Marine x2  
  25  3:32  SCV  
  25  3:36  Marine  
  25  3:37  Marine  
  28  3:49  SCV, Marine x2  
  31  4:04  Bunker, Marine x2  
  33  4:13  Refinery  
  33  4:56  Barracks Tech Lab  
  33  5:23  Medic  
  35  5:35  Medic  
  37  5:59  Marauder  
  39  6:22  Bunker  
  39  6:27  Supply Depot  
  39  6:57  Marauder  
  41  7:12  Marauder  
  41  7:16  Supply Depot  
  43  8:05  Factory  
  34  9:29  Vulture  
  30  9:47  Marine  
  31  9:59  Marine  
  32  10:12  Marine  
  33  10:24  Marine  
  34  10:37  Marine  
  35  11:06  Supply Depot  
  35  11:36  Barracks  
  35  11:37  Supply Depot  
  35  11:39  Factory Tech Lab  
  35  11:41  Marine  
  36  11:53  Marine  
  37  12:09  Medic  
  39  12:11  Marine  
  40  12:21  Medic  
  40  12:23  Marine  
  43  12:35  Marine  
  44  12:48  Marine  
  45  12:56  Marine  
  46  13:09  Marine  
  45  13:21  Marine  
  33  13:33  Marine  
  30  13:46  Marine  
  31  13:59  Marauder  
  33  14:14  Marauder  
  35  14:29  Marauder  
  37  14:34  Supply Depot  
  37  14:42  Marine  
  37  14:44  Marauder  
  40  14:55  Marine  
  40  14:56  Siege Tank  
  40  14:59  Marauder  
  45  15:07  Marine, Supply Depot  
  44  15:13  Medic  
  44  15:18  Siege Tank  
  44  15:19  Marine  
  47  15:25  Medic  
  50  15:31  Orbital Command  
  50  15:32  Marine  
  32  16:13  Marine  
  32  16:14  Marine  
  27  16:26  Marine x2  
  29  16:38  Marine x2  
  31  16:51  Engineering Bay  
  31  16:54  Medic  
  33  17:06  Medic  
  32  17:19  Medic  
  33  17:45  Bunker  
  33  18:08  Bunker  
  33  18:31  Marauder  
  33  18:33  Missile Turret  
  33  18:35  Marine  
  36  18:46  Marauder  
  36  18:47  Marine  
  115  19:00  Marine  
  39  19:01  Firebat  
  39  19:08  Missile Turret  
  42  19:12  Marine  
  42  19:16  Firebat  
  45  19:24  Marine  
  46  19:37  Marine  
Show
View Real Time Build Order
Export as new Build Order

NamroodTuo Zerg 

Build Orders:  

Get SALT Encoding   

  12  0:07  Infested SCV  
  13  0:12  Infested SCV  
  13  0:18  Infested SCV  
  15  0:37  Infested Barracks  
  15  0:48  Overlord  
  15  1:08  Overlord  
  15  1:18  Infested Refinery  
  15  1:20  Infested SCV, Infested Refinery  
  16  1:32  Infested SCV x2  
  18  1:42  Infested SCV  
  18  1:45  Infested Marine  
  18  1:46  Infested Marine  
  21  2:02  Infested Barracks  
  21  2:05  Infested SCV  
  22  2:19  Infested SCV  
  23  2:25  Infested SCV  
  24  2:36  Infested Engineering Bay  
  24  2:42  Infested SCV  
  24  2:46  Infested Marine  
  24  2:47  Infested Marine  
  27  2:50  Infested Marine  
  27  2:55  Infested Barracks Tech Lab  
  28  3:00  Infested SCV  
  29  3:15  Regenerative Plating  
  27  3:32  Infested SCV x2  
  29  3:44  Infested Marine  
  29  3:45  Infested Marine  
  31  4:06  Overlord x2  
  31  4:24  Overlord  
  28  4:38  Infested Barracks  
  28  4:41  Infested SCV  
  29  4:58  Infested Marine  
  29  4:59  Infested Marine x21  
  51  5:00  Infested Marine x4  
  52  6:00  Overlord  
  52  6:01  Overlord x4  
  52  6:17  Infested SCV  
  57  6:37  Infested Bunker  
  36  6:40  Infested Bunker  
  36  6:46  Infested Marine x7  
  36  6:47  Infested Marine  
  44  6:57  Stukov Infantry Weapons Level 1  
  44  7:01  Infested SCV  
  45  7:11  Retinal Augmentation  
  45  7:23  Infested SCV x2  
  45  7:24  Infested SCV  
  48  7:38  Infested Factory  
  48  8:04  Infested Marine  
  48  8:05  Infested Marine x16  
  48  8:06  Infested Marine x2  
  67  8:23  Infested Marine  
  67  8:24  Infested Marine x19  
  79  8:38  Infested Marine  
  79  8:39  Infested Marine x3  
  83  9:17  Infested Command Center  
  82  9:43  Infested Bunker  
  48  10:10  Infested Barracks  
  44  10:20  Infested Armory  
  44  10:27  Stukov Infantry Armor Level 1  
  44  10:40  Infested Marine  
  44  10:41  Infested Marine x11  
  56  11:11  Infested Marine x6  
  56  11:12  Infested Marine x9  
  56  11:17  Infested SCV x3  
  74  11:27  Infested SCV  
  75  11:38  Infested SCV  
  75  11:43  Overlord  
  75  11:44  Overlord  
  75  11:46  Infested SCV  
  75  11:48  Infested SCV  
  76  11:51  Infested SCV  
  76  11:55  Infested SCV  
  78  12:10  Infested SCV  
  69  12:21  Infested Marine x2  
  69  12:22  Infested Marine x21  
  69  12:23  Infested Marine  
  90  12:39  Infested Marine x7  
  97  12:40  Infested Marine x16  
  96  13:07  Stukov Infantry Weapons Level 2  
  96  13:10  Infested SCV x4  
  96  13:19  Infested Bunker  
  93  13:41  Plagued Munitions  
  62  14:46  Infested Marine  
  62  14:47  Infested Marine x20  
  62  14:48  Infested Marine x21  
  96  15:28  Infested SCV x4  
  89  15:43  Infested Bunker  
  89  15:48  Infested Bunker  
  92  15:55  Infested Bunker  
  96  16:11  Infested Marine x3  
  96  16:12  Infested Marine x21  
  96  16:13  Infested Marine x6  
  96  16:16  Calcified Armor  
  120  16:22  Infested Marine x5  
  120  16:23  Infested Marine x14  
  120  16:25  Overlord x2  
  120  16:26  Overlord x4  
  120  16:27  Overlord x3  
  72  17:07  Infested Marine  
  72  17:08  Infested Marine x6  
  72  17:09  Infested Marine x20  
  95  17:10  Infested Marine x21  
  95  17:11  Infested Marine  
  117  17:29  Unknown  
  105  17:31  Infested Marine  
  105  17:32  Infested Marine x17  
  105  17:33  Overlord  
  105  17:34  Overlord x2  
  104  18:07  Overseer  
  104  18:08  Overseer x4  
  104  18:15  Infested Marine  
  104  18:16  Infested Marine x13  
  104  18:17  Infested Marine x4  
  122  18:31  Infested Marine  
  122  18:32  Infested Marine x15  
  122  18:33  Infested Marine x21  
  122  18:34  Infested Marine  
  160  18:48  Infested SCV x2  
  160  18:49  Infested SCV x2  
  120  19:02  Infested Barracks  
Tags
 
Add a new tag
Caveats
  • Supply blocks, unpowered buildings, or Contaminate may cause inaccurate times.
  • Supply counts are checked every 10 seconds.